[Event "Titled Tuesday Blitz July 25 Early 2023"]
[White "Johnson, Ben"]
[Black "Chor, Kevin"]
[WhiteFideId "2010917"]
[BlackFideId "2090740"]
[WhiteElo "2115"]
[BlackElo "2539"]
[Result "0-1"]
[Round "1"]
[TimeControl "180+2"]
[Date "2023.07.25"]
[WhiteClock "0:00:11"]
[BlackClock "0:00:58"]
[Board "227"]

1. Nf3 c5 2. c4 Nc6 3. g3 Nf6 4. Nc3 g6 5. Bg2 Bg7 6. O-O Rb8 7. e3 O-O 8. d4 d5 9. dxc5 dxc4 10. Qe2 Bf5 11. e4 Be6 12. Rd1 Qa5 13. Ng5 Qxc5 14. Nxe6 fxe6 15. Be3 Qb4 16. Bh3 Ne5 17. Bxe6+ Kh8 18. Bf4 Nh5 19. Bxe5 Bxe5 20. Qxc4 Qxb2 21. Ne2 Qb6 22. Nd4 Rbd8 23. Bd5 e6 24. Nxe6 Qxf2+ 25. Kh1 Nxg3+ 26. hxg3 Qf3+ 27. Kg1 Qxg3+ 28. Kh1 Qh2# 0-1


[Site "https://www.chess.com"]

[Event "Titled Tuesday Blitz July 25 Early 2023"]
[White "Terletsky, Oleg"]
[Black "Abdi, Farzad"]
[WhiteFideId "14116774"]
[BlackFideId "2076829"]
[WhiteElo "2539"]
[BlackElo "2110"]
[Result "1-0"]
[Round "1"]
[TimeControl "180+2"]
[Date "2023.07.25"]
[WhiteClock "0:01:46"]
[BlackClock "0:02:26"]
[Board "228"]

1. e4 e5 2. Nf3 Nc6 3. Nc3 Nf6 4. d4 exd4 5. Nxd4 Bc5 6. Nxc6 dxc6 7. Qxd8+ Kxd8 8. Bg5 h6 9. Bh4 g5 10. Bg3 Ke7 11. Bxc7 Bd4 12. f3 Be6 13. O-O-O Bxc3 14. Bd6+ Ke8 15. bxc3 Bxa2 16. c4 1-0


[Site "https://www.chess.com"]

[Event "Titled Tuesday Blitz July 25 Early 2023"]
[White "Floresvillar Gonzalez, Luis Migu"]
[Black "Santos Flores, Alberto"]
[WhiteFideId "5100542"]
[BlackFideId "3601234"]
[WhiteElo "2106"]
[BlackElo "2539"]
[Result "0-1"]
[Round "1"]
[TimeControl "180+2"]
[Date "2023.07.25"]
[WhiteClock "0:00:03"]
[BlackClock "0:00:56"]
[Board "229"]

1. d4 d5 2. c3 Nf6 3. Bg5 Nbd7 4. Nd2 e6 5. e3 Be7 6. Bd3 e5 7. dxe5 Nxe5 8. Bc2 Bg4 9. Ngf3 O-O 10. h3 Bh5 11. g4 Nxf3+ 12. Nxf3 Bg6 13. Nd4 c6 14. Nf5 Bxf5 15. Bxf5 Ne4 16. Bxe4 Bxg5 17. Bc2 Bh4 18. Qd3 g6 19. Qe2 Kg7 20. O-O-O Re8 21. Kb1 Qf6 22. Rhf1 a5 23. f4 b5 24. g5 Qe6 25. Rf3 b4 26. c4 dxc4 27. Rd4 c3 28. f5 Qe5 29. Rxh4 Rad8 30. fxg6 hxg6 31. Qc4 Re7 32. Rh7+ Kxh7 33. Rxf7+ Rxf7 34. Qxf7+ Qg7 35. Bxg6+ Kh8 36. Qf6 Qxf6 37. gxf6 Rd1+ 38. Kc2 Rd2+ 0-1


[Site "https://www.chess.com"]

[Event "Titled Tuesday Blitz July 25 Early 2023"]
[White "Schlecht, Daniel, Dr."]
[Black "Larina, Maria"]
[WhiteFideId "4623959"]
[BlackFideId "24113182"]
[WhiteElo "2532"]
[BlackElo "2104"]
[Result "0-1"]
[Round "1"]
[TimeControl "180+2"]
[Date "2023.07.25"]
[WhiteClock "0:00:38"]
[BlackClock "0:00:18"]
[Board "230"]

1. Nf3 f5 2. d4 d6 3. g3 Nf6 4. Bg2 g6 5. O-O Bg7 6. c4 O-O 7. Nc3 Nc6 8. d5 Na5 9. Qa4 c5 10. dxc6 Nxc6 11. Rd1 Bd7 12. Qc2 Rc8 13. b3 Ne4 14. Bb2 Nb4 15. Qc1 Bc6 16. a3 Qb6 17. e3 Na6 18. b4 Nxc3 19. Bxc3 Bxc3 20. Qxc3 Ba4 21. Rdc1 e5 22. Ng5 Nc7 23. f4 e4 24. Qd2 h6 25. Nh3 Rfd8 26. Nf2 d5 27. c5 Qf6 28. g4 d4 29. gxf5 gxf5 30. exd4 Rxd4 31. Qe3 Rcd8 32. Kh1 Kh7 33. Rg1 Nd5 34. Qc1 e3 35. Nh3 Bc6 36. Qe1 Rd2 37. Qg3 Rg8 38. Qxg8+ Kxg8 39. Bxd5+ Kh7 0-1


[Site "https://www.chess.com"]

[Event "Titled Tuesday Blitz July 25 Early 2023"]
[White "Jaivardhan Raj"]
[Black "Suder, Jakub"]
[WhiteFideId "25744437"]
[BlackFideId "1195310"]
[WhiteElo "2100"]
[BlackElo "2532"]
[Result "0-1"]
[Round "1"]
[TimeControl "180+2"]
[Date "2023.07.25"]
[WhiteClock "0:02:15"]
[BlackClock "0:01:33"]
[Board "231"]

1. g3 d5 2. Bg2 Nf6 3. b3 e6 4. Bb2 Be7 5. d3 O-O 6. Nd2 a5 7. a4 b6 8. e3 Bb7 9. Ne2 Nbd7 10. O-O Re8 11. c4 Nc5 12. d4 Nce4 13. Nxe4 Nxe4 14. Nc3 f5 15. Nxe4 dxe4 16. g4 Bd6 17. gxf5 exf5 18. d5 Qh4 19. h3 f4 20. Qg4 Qxg4 21. hxg4 f3 22. Bh3 Bc8 23. Rfd1 h5 24. Ba3 hxg4 25. Bf1 Bf5 26. c5 bxc5 27. Rac1 g3 28. Bxc5 g2 29. Bb5 Red8 30. Bxd6 Rxd6 31. Rxc7 Rh6 0-1


[Site "https://www.chess.com"]

[Event "Titled Tuesday Blitz July 25 Early 2023"]
[White "Eynullayev, Atilla"]
[Black "Hartikainen, Jarmo"]
[WhiteFideId "13413570"]
[BlackFideId "503134"]
[WhiteElo "2529"]
[BlackElo "2098"]
[Result "1-0"]
[Round "1"]
[TimeControl "180+2"]
[Date "2023.07.25"]
[WhiteClock "0:00:54"]
[BlackClock "0:00:16"]
[Board "232"]

1. d4 Nf6 2. c4 g6 3. Nc3 d5 4. cxd5 Nxd5 5. e4 Nxc3 6. bxc3 Bg7 7. Nf3 O-O 8. Be2 c5 9. O-O cxd4 10. cxd4 Nc6 11. Be3 Bg4 12. d5 Bxf3 13. Bxf3 Ne5 14. Be2 Qa5 15. Qb3 b6 16. Rac1 Rac8 17. f4 Nd7 18. Rc6 Nc5 19. Qc4 Rxc6 20. dxc6 Rc8 21. Rd1 h5 22. f5 Qa4 23. fxg6 Qxc4 24. Bxc4 Nxe4 25. Bxf7+ Kf8 26. Bf4 Nd6 27. Rxd6 exd6 28. Bxd6# 1-0


[Site "https://www.chess.com"]

[Event "Titled Tuesday Blitz July 25 Early 2023"]
[White "Wisniowski, Natalie"]
[Black "Richter, Paul"]
[WhiteFideId "30929261"]
[BlackFideId "2046350"]
[WhiteElo "2095"]
[BlackElo "2529"]
[Result "0-1"]
[Round "1"]
[TimeControl "180+2"]
[Date "2023.07.25"]
[WhiteClock "0:00:04"]
[BlackClock "0:00:21"]
[Board "233"]

1. e4 c5 2. d4 cxd4 3. c3 dxc3 4. Nxc3 Nc6 5. Nf3 e6 6. Bc4 d6 7. O-O Nf6 8. Re1 Qc7 9. Bf4 a6 10. Rc1 Ng4 11. h3 Nge5 12. Nxe5 dxe5 13. Bg3 Be7 14. Bb3 O-O 15. Qg4 Bf6 16. Red1 Rd8 17. Na4 Rxd1+ 18. Qxd1 Bd7 19. Nc5 Rd8 20. Qe1 Bc8 21. Kh1 Qb6 22. Na4 Qa5 23. Nc3 Nd4 24. Bc4 b5 25. Be2 Nxe2 26. Qxe2 b4 27. Nd1 Qxa2 28. Ne3 Bg5 29. Rc2 Qb1+ 30. Kh2 Bxe3 31. fxe3 Bb7 32. Rd2 Rc8 33. Bxe5 Qxe4 34. Bg3 h6 35. Qd3 a5 36. Qxe4 Bxe4 37. Bf4 Bd5 38. Kg3 Ra8 39. Kf2 a4 40. Ke1 a3 41. bxa3 bxa3 42. Be5 a2 43. Ba1 Rb8 44. Rd1 Bxg2 45. Kd2 Bxh3 46. Kc2 Bg2 47. Rg1 Rb1 48. Rxg2 Rxa1 49. Kb2 Re1 50. Kxa2 Rxe3 51. Rb2 f5 52. Kb1 f4 53. Kc1 g5 54. Kd1 g4 55. Rb8+ Kg7 56. Rb7+ Kf6 57. Rb6 g3 58. Rb2 f3 59. Kd2 Re2+ 60. Kc3 Rxb2 61. Kxb2 f2 0-1


[Site "https://www.chess.com"]

[Event "Titled Tuesday Blitz July 25 Early 2023"]
[White "Sidletskyi, Ivan"]
[Black "Guevara Sanchez, Erick Marvin"]
[WhiteFideId "14156024"]
[BlackFideId "6700136"]
[WhiteElo "2529"]
[BlackElo "2094"]
[Result "1-0"]
[Round "1"]
[TimeControl "180+2"]
[Date "2023.07.25"]
[WhiteClock "0:00:10"]
[BlackClock "0:00:22"]
[Board "234"]

1. e4 c5 2. Nf3 Nc6 3. Nc3 e6 4. g3 d6 5. Bg2 Be7 6. O-O Nf6 7. d4 cxd4 8. Nxd4 O-O 9. Be3 Bd7 10. Nb3 Rc8 11. f4 a6 12. Qd2 b5 13. h3 Na5 14. Nxa5 Qxa5 15. Nd5 Qd8 16. Nxe7+ Qxe7 17. Rad1 Bc6 18. Qxd6 Qxd6 19. Rxd6 Bxe4 20. Rxa6 Bxg2 21. Kxg2 Rxc2+ 22. Rf2 Nd5 23. Bd4 Rxf2+ 24. Kxf2 Rc8 25. a3 h5 26. Ra7 Rc4 27. Be5 f6 28. Bd6 Rc2+ 29. Kf3 Rxb2 30. Rb7 Rb3+ 31. Kf2 Rb2+ 32. Kf3 f5 33. Rxg7+ Kxg7 34. Be5+ Kf7 35. Bxb2 Nb6 36. g4 hxg4+ 37. hxg4 Nc4 38. Bc1 Kg6 39. g5 Nd6 40. Ke3 Ne4 41. Kd4 Kf7 42. Ke5 Nc3 43. Be3 Nb1 44. Bc5 Nd2 45. Kd6 Ne4+ 46. Kc6 Nc3 47. Bd4 Nd5 48. Be5 b4 49. a4 b3 50. a5 Nb4+ 51. Kb5 Nd3 52. Bc3 Nxf4 53. a6 Nd5 54. Be5 Kg6 55. a7 b2 56. Bxb2 Nc7+ 57. Kc6 Na8 58. Kb7 Kxg5 59. Kxa8 f4 60. Kb7 f3 61. a8=Q f2 62. Qf8 f1=Q 63. Qxf1 1-0


[Site "https://www.chess.com"]

[Event "Titled Tuesday Blitz July 25 Early 2023"]
[White "Garakov, Mikhael"]
[Black "Semenova, Alina"]
[WhiteFideId "4169034"]
[BlackFideId "24113875"]
[WhiteElo "2524"]
[BlackElo "2079"]
[Result "1-0"]
[Round "1"]
[TimeControl "180+2"]
[Date "2023.07.25"]
[WhiteClock "0:00:16"]
[BlackClock "0:00:15"]
[Board "236"]

1. e4 e6 2. d4 d5 3. Nc3 Bb4 4. e5 c5 5. a3 Bxc3+ 6. bxc3 Ne7 7. Qg4 Kf8 8. h4 Qa5 9. Bd2 Qa4 10. Rh3 Nbc6 11. h5 h6 12. Qf4 cxd4 13. Rf3 Nd8 14. cxd4 Qxc2 15. Bd3 Qb2 16. Rc1 Nec6 17. Bg6 Qxd4 18. Bb4+ Ke8 19. Bxf7+ Kd7 20. Bxe6+ Nxe6 21. Qf7+ Kd8 22. Rxc6 Qa1+ 23. Kd2 Qb2+ 24. Rc2 Qd4+ 25. Ke1 Re8 26. Ne2 Qxe5 27. Re3 Qf6 28. Qxf6+ gxf6 29. Bc3 d4 30. Nxd4 Nxd4 31. Bxd4 Rxe3+ 32. Bxe3 Bg4 33. Rc5 Rc8 34. Rd5+ Ke7 35. f3 Be6 36. Rb5 b6 37. Bxh6 Rc5 38. Rxc5 bxc5 39. Be3 Kd6 40. g4 Bg8 41. Kd2 Kd5 42. Kc3 a6 43. f4 Bf7 44. h6 Bg6 45. g5 fxg5 46. fxg5 Bh7 47. Kb3 Kc6 48. Ka4 Kb6 49. Kb3 Kc6 50. Kc4 Bg8+ 51. Kd3 Bh7+ 52. Kc4 Bg8+ 53. Kc3 Bh7 54. Bc1 Kd5 55. a4 Kc6 56. Ba3 Kd5 57. Kd2 Kc4 58. Ke3 Kd5 59. Kf4 c4 60. Bb4 Kd4 61. a5 c3 62. Bxc3+ Kxc3 63. Ke5 Kb4 64. Kf6 Kxa5 65. g6 Bxg6 66. Kxg6 Kb4 67. h7 a5 68. h8=Q a4 69. Qa1 1-0


[Site "https://www.chess.com"]

[Event "Titled Tuesday Blitz July 25 Early 2023"]
[White "Feliz Dotel, Dewar Bienvenido"]
[Black "Turzo, Attila"]
[WhiteFideId "6402801"]
[BlackFideId "704954"]
[WhiteElo "2058"]
[BlackElo "2522"]
[Result "1-0"]
[Round "1"]
[TimeControl "180+2"]
[Date "2023.07.25"]
[WhiteClock "0:00:20"]
[BlackClock "0:00:19"]
[Board "237"]

1. d4 Nf6 2. e3 g6 3. Nf3 Bg7 4. Be2 O-O 5. b4 d6 6. Bb2 e5 7. dxe5 Ng4 8. h3 Nxe5 9. Nxe5 Bxe5 10. Bxe5 dxe5 11. Qxd8 Rxd8 12. c4 a5 13. b5 Nd7 14. O-O Nc5 15. Nc3 Be6 16. Rfd1 Kf8 17. Nd5 Bxd5 18. Rxd5 Rxd5 19. cxd5 Rd8 20. Bc4 e4 21. f3 exf3 22. gxf3 f5 23. Kf2 b6 24. Kg3 Kg7 25. Kf4 Re8 26. h4 Kf6 27. Rd1 Nb7 28. e4 Nd6 29. Bd3 fxe4 30. fxe4 h6 31. Re1 g5+ 32. hxg5+ hxg5+ 33. Kg4 Ke5 34. Rc1 Re7 35. Kxg5 Kd4 36. Bc2 Nxb5 37. Kf6 Re8 38. Ba4 Rxe4 39. Bxb5 Rf4+ 40. Kg5 Rf7 41. Bc6 Rf2 42. a4 Rf7 43. Kg6 Re7 44. Kf6 Rh7 45. Rg1 Kc5 46. Rg7 Rxg7 47. Kxg7 b5 48. Bxb5 Kxd5 49. Kf6 c6 50. Bf1 Kc5 51. Be2 Kb4 52. Bd1 c5 53. Ke5 Kc3 54. Kd5 c4 55. Be2 Kb4 56. Bd1 Kc3 57. Kc5 Kd2 58. Bh5 c3 59. Bg6 c2 60. Bxc2 Kxc2 61. Kb5 Kc3 62. Kxa5 Kc4 63. Kb6 Kd5 64. a5 Kd6 65. a6 Kd7 66. Kb7 Kd6 67. a7 1-0


[Site "https://www.chess.com"]

[Event "Titled Tuesday Blitz July 25 Early 2023"]
[White "vishwa_vijeta"]
[Black "Winkels, Marcel"]
[BlackFideId "1003887"]
[WhiteElo "2522"]
[BlackElo "2052"]
[Result "1-0"]
[Round "1"]
[TimeControl "180+2"]
[Date "2023.07.25"]
[WhiteClock "0:02:24"]
[BlackClock "0:01:55"]
[Board "238"]

1. e4 c5 2. Nf3 e6 3. d4 cxd4 4. Nxd4 Nc6 5. Nc3 Qc7 6. Be2 a6 7. Be3 Nf6 8. O-O Be7 9. f4 d6 10. Bf3 O-O 11. Qd2 e5 12. Nb3 b5 13. Rad1 Bb7 14. Nd5 Nxd5 15. exd5 exf4 16. dxc6 fxe3 17. cxb7 exd2 18. bxa8=Q Rxa8 19. Bxa8 Qxc2 20. Rxd2 Qg6 21. Bd5 h5 22. Bxf7+ 1-0


[Site "https://www.chess.com"]

[Event "Titled Tuesday Blitz July 25 Early 2023"]
[White "Goughfather"]
[Black "Makkar, Rajat"]
[BlackFideId "36016810"]
[WhiteElo "2045"]
[BlackElo "2521"]
[Result "0-1"]
[Round "1"]
[TimeControl "180+2"]
[Date "2023.07.25"]
[WhiteClock "0:00:01"]
[BlackClock "0:01:14"]
[Board "239"]

1. d4 d5 2. Nc3 Nf6 3. Bf4 e6 4. Nb5 Na6 5. e3 Be7 6. Nf3 O-O 7. h4 c6 8. Nc3 c5 9. h5 cxd4 10. exd4 Ne4 11. Bxa6 bxa6 12. Nxe4 dxe4 13. Ne5 Bb7 14. Qg4 Qxd4 15. O-O f5 16. Qg3 Rad8 17. c3 Qd5 18. Rad1 Qxd1 19. Rxd1 Rxd1+ 20. Kh2 Bf6 21. Nc4 Rd7 22. Nd6 Bc6 23. Nc4 Bd5 24. Ne5 Re7 0-1


[Site "https://www.chess.com"]

[Event "Titled Tuesday Blitz July 25 Early 2023"]
[White "Mortazavi, Ali"]
[Black "Maluco_do_Natal_00"]
[WhiteFideId "401323"]
[WhiteElo "2518"]
[BlackElo "2045"]
[Result "1-0"]
[Round "1"]
[TimeControl "180+2"]
[Date "2023.07.25"]
[WhiteClock "0:01:36"]
[BlackClock "0:00:01"]
[Board "240"]

1. Nf3 d5 2. g3 c5 3. Bg2 Nc6 4. O-O Nf6 5. d3 e5 6. Nbd2 Bd6 7. e4 d4 8. Nh4 b5 9. a4 bxa4 10. Nf5 O-O 11. Nc4 Bc7 12. Rxa4 Be6 13. b3 a5 14. f4 Qd7 15. fxe5 Nxe5 16. Nxe5 Bxe5 17. Bf4 Bxf4 18. Rxf4 Bxf5 19. Rxf5 Rfc8 20. Rxf6 gxf6 21. Qh5 Re8 22. Bh3 1-0


[Site "https://www.chess.com"]

[Event "Titled Tuesday Blitz July 25 Early 2023"]
[White "Gyulamiryan-koryun"]
[Black "Korelskiy, Egor"]
[BlackFideId "34329064"]
[WhiteElo "2044"]
[BlackElo "2516"]
[Result "0-1"]
[Round "1"]
[TimeControl "180+2"]
[Date "2023.07.25"]
[WhiteClock "0:00:01"]
[BlackClock "0:00:17"]
[Board "241"]

1. d4 Nf6 2. c4 e6 3. Nf3 d5 4. g3 Bb4+ 5. Bd2 Be7 6. Bg2 O-O 7. O-O b6 8. Nc3 Bb7 9. Ne5 Nbd7 10. Qa4 Nxe5 11. dxe5 Ne8 12. Bf4 c6 13. Rfd1 Nc7 14. cxd5 exd5 15. e4 b5 16. Qc2 d4 17. Ne2 Ne6 18. Rac1 Qb6 19. Bh3 c5 20. Bxe6 Qxe6 21. b4 Rac8 22. bxc5 Bxc5 23. Qd3 Qxa2 24. Rd2 Qe6 25. Nxd4 Bxd4 26. Rxc8 Bxf2+ 27. Kxf2 Qxc8 28. Qxb5 Bxe4 29. Ra2 Qh3 30. Ke3 Bf5 31. Qa6 h6 32. Qxa7 g5 33. Qb7 gxf4+ 34. Kxf4 Qg4+ 35. Ke3 Qg5+ 36. Kf2 Be6 0-1


[Site "https://www.chess.com"]

[Event "Titled Tuesday Blitz July 25 Early 2023"]
[White "Jaskolka, Tomasz"]
[Black "Bogumil, Tatiana"]
[WhiteFideId "1170791"]
[BlackFideId "4110579"]
[WhiteElo "2516"]
[BlackElo "2037"]
[Result "1-0"]
[Round "1"]
[TimeControl "180+2"]
[Date "2023.07.25"]
[WhiteClock "0:00:31"]
[BlackClock "0:00:24"]
[Board "242"]

1. e4 e6 2. d4 d5 3. Nd2 dxe4 4. Nxe4 Bd7 5. Nf3 Bc6 6. Bd3 Nd7 7. Qe2 Ngf6 8. Nxf6+ Nxf6 9. c3 Be7 10. Ne5 Qd5 11. Bf4 Qxg2 12. O-O-O Qd5 13. Rhg1 Qxa2 14. Bb1 Qa4 15. Rxg7 Nd5 16. Rxf7 Nxf4 17. Rxf4 O-O-O 18. Nf7 Bd6 19. Rg4 b5 20. d5 1-0


[Site "https://www.chess.com"]

[Event "Titled Tuesday Blitz July 25 Early 2023"]
[White "ilya2700"]
[Black "Shubenkova, Veronika"]
[BlackFideId "44124040"]
[WhiteElo "2037"]
[BlackElo "2515"]
[Result "0-1"]
[Round "1"]
[TimeControl "180+2"]
[Date "2023.07.25"]
[WhiteClock "0:00:23"]
[BlackClock "0:01:05"]
[Board "243"]

1. e4 e6 2. d4 d5 3. exd5 exd5 4. Bd3 Nf6 5. c3 Bd6 6. Nf3 O-O 7. Be3 Bg4 8. Nbd2 Nbd7 9. O-O c5 10. Re1 Qc7 11. Qc2 h6 12. Bf5 Bh5 13. a3 Rac8 14. Rac1 Rfe8 15. h3 Bxf3 16. Nxf3 Ne4 17. Nd2 Ndf6 18. Nxe4 Nxe4 19. f3 Bh2+ 20. Kf1 Ng3+ 21. Kf2 Nxf5 22. Qxf5 Bg3+ 23. Kg1 Bxe1 24. Rxe1 cxd4 25. cxd4 Qa5 26. Kf2 g6 27. Qf6 Rc6 28. Qh4 Rce6 29. Qxh6 Rxe3 30. b4 Qxa3 31. Rxe3 Qb2+ 32. Kg3 Rxe3 33. Qxe3 Qxb4 34. Qe8+ Qf8 35. Qd7 Qb8+ 36. Kf2 b5 37. Qxd5 b4 38. Qb3 a5 39. d5 Qb5 40. Ke3 a4 41. Qd3 Qb6+ 42. Kd2 a3 43. Qb3 Qd4+ 44. Kc1 Kf8 45. Kb1 Ke7 46. Qc2 Qxd5 47. Qc7+ Ke6 48. Qb6+ Qd6 49. Qe3+ Kf6 50. g3 Qd1+ 51. Qc1 a2+ 0-1


[Site "https://www.chess.com"]

[Event "Titled Tuesday Blitz July 25 Early 2023"]
[White "Tokman, Ariel"]
[Black "ivana_999"]
[WhiteFideId "117420"]
[WhiteElo "2515"]
[BlackElo "2031"]
[Result "1-0"]
[Round "1"]
[TimeControl "180+2"]
[Date "2023.07.25"]
[WhiteClock "0:00:55"]
[BlackClock "0:00:09"]
[Board "244"]

1. c4 e5 2. Nc3 Nf6 3. g3 c6 4. Nf3 e4 5. Nd4 d5 6. cxd5 cxd5 7. d3 Nc6 8. Nxc6 bxc6 9. dxe4 d4 10. Na4 Bb4+ 11. Bd2 Qa5 12. Bg2 Bxd2+ 13. Qxd2 Qxa4 14. b3 Qb5 15. e5 Nd5 16. Qxd4 Qb4+ 17. Qxb4 Nxb4 18. O-O Bd7 19. a3 Nd5 20. e4 Nc7 21. Rfd1 Ke7 22. f4 g6 23. Kf2 Rad8 24. Ke3 Bg4 25. Rdc1 Bd7 26. Rc5 Rb8 27. b4 Rb5 28. Rac1 Rxc5 29. Rxc5 Rb8 30. Ra5 a6 31. Bf1 Rb6 32. Be2 Bc8 33. g4 Nb5 34. f5 Nc3 35. Bc4 Bb7 36. Rc5 Na4 37. Ra5 Nc3 38. Kd4 Nb5+ 39. Kc5 Nxa3 40. Rxa3 Rb5+ 41. Bxb5 axb5 42. Ra7 1-0


[Site "https://www.chess.com"]

[Event "Titled Tuesday Blitz July 25 Early 2023"]
[White "Castillo Pena, Patricia Evarista"]
[Black "Mindhunter08"]
[WhiteFideId "6412106"]
[WhiteElo "2000"]
[BlackElo "2514"]
[Result "0-1"]
[Round "1"]
[TimeControl "180+2"]
[Date "2023.07.25"]
[WhiteClock "0:00:45"]
[BlackClock "0:00:37"]
[Board "245"]

1. d4 d5 2. Nf3 Nf6 3. e3 e6 4. Bd3 b6 5. b3 Bb7 6. Bb2 Nbd7 7. Nbd2 Be7 8. O-O O-O 9. Ne5 c5 10. f4 Ne4 11. c4 Ndf6 12. Qc2 Rc8 13. Rac1 h6 14. Qd1 cxd4 15. exd4 Nxd2 16. Qxd2 Ne4 17. Qe2 f5 18. Rfd1 Bd6 19. Qh5 Qe7 20. Ng6 Qf7 21. Be2 Nf6 22. Ne5 Qxh5 23. Bxh5 Nxh5 24. g3 Nf6 25. Re1 Rfe8 26. cxd5 Bxd5 27. h4 Ne4 0-1


[Site "https://www.chess.com"]

[Event "Titled Tuesday Blitz July 25 Early 2023"]
[White "Tikhonov, Viacheslav"]
[Black "Mikheeva, Galina"]
[WhiteFideId "44196407"]
[BlackFideId "44108320"]
[WhiteElo "2511"]
[BlackElo "1920"]
[Result "1-0"]
[Round "1"]
[TimeControl "180+2"]
[Date "2023.07.25"]
[WhiteClock "0:00:33"]
[BlackClock "0:00:01"]
[Board "246"]

1. d4 Nf6 2. c4 e6 3. Nf3 d5 4. g3 dxc4 5. Bg2 Nc6 6. O-O Rb8 7. Be3 b5 8. Ne5 Ne7 9. a4 a6 10. axb5 axb5 11. Ra7 Nfd5 12. Nc3 Bb7 13. Nxb5 c6 14. Nc3 Qb6 15. Ra2 Nxc3 16. bxc3 Nd5 17. Nxc4 Qb5 18. Qd3 Bc8 19. Rb2 Qxb2 20. Nxb2 Rxb2 21. c4 Nb4 22. Qa3 Rxe2 23. Qa8 Kd8 24. d5 exd5 25. Bb6+ Kd7 26. Bh3+ Re6 27. cxd5 Nxd5 28. Rd1 Bd6 29. Qa7+ Ke8 30. Bxe6 fxe6 31. Bc5 Bxc5 32. Qxc5 Bd7 33. Qd6 Kd8 34. Ra1 Nc7 35. Ra7 1-0


[Site "https://www.chess.com"]

[Event "Titled Tuesday Blitz July 25 Early 2023"]
[White "Osmak, Yuliia"]
[Black "Navyblue1"]
[WhiteFideId "14101602"]
[WhiteElo "2509"]
[BlackElo "1897"]
[Result "0-1"]
[Round "1"]
[TimeControl "180+2"]
[Date "2023.07.25"]
[WhiteClock "0:00:02"]
[BlackClock "0:00:05"]
[Board "248"]

1. Nf3 c5 2. g3 d5 3. Bg2 Nc6 4. O-O e5 5. d3 Be7 6. e4 d4 7. Na3 Nf6 8. Nc4 Qc7 9. a4 Bg4 10. h3 Bxf3 11. Qxf3 O-O 12. g4 a6 13. a5 Nd7 14. Qg3 b5 15. axb6 Nxb6 16. Nxb6 Qxb6 17. f4 exf4 18. Qxf4 Bf6 19. b3 Be5 20. Qf2 Nb4 21. g5 Qd6 22. Ra5 Qb6 23. Ra4 Qd6 24. Qe2 Bh2+ 25. Kh1 Be5 26. h4 Qe6 27. Bf4 Bxf4 28. Rxf4 f6 29. Rf5 fxg5 30. Rxc5 Qd6 31. Rxg5 Rac8 32. Qg4 Rxc2 33. Rxg7+ Kh8 34. Ra1 Rcf2 35. Qg3 Qxg3 36. Rxg3 Rd2 37. Ra4 Nxd3 38. Rxd4 Nf2+ 39. Kg1 Rxd4 40. e5 Rd1+ 41. Kh2 Re1 42. Rg5 Nd3 43. e6 Rxe6 44. Ra5 Nf4 45. Bf3 Ref6 46. Bg4 Ng6 47. h5 Rf2+ 48. Kg3 Ne7 49. Rxa6 R2f6 50. Ra7 Nf5+ 51. Kh2 Ng7 0-1


[Site "https://www.chess.com"]

[Event "Titled Tuesday Blitz July 25 Early 2023"]
[White "Kayis, Gulcan Sena"]
[Black "Khodzhamkuliev, Bahadur"]
[WhiteFideId "34553045"]
[BlackFideId "24135046"]
[WhiteElo "1893"]
[BlackElo "2507"]
[Result "1/2-1/2"]
[Round "1"]
[TimeControl "180+2"]
[Date "2023.07.25"]
[WhiteClock "0:02:33"]
[BlackClock "0:02:01"]
[Board "249"]

1. e4 Nc6 2. Nc3 d6 3. d4 g6 4. h3 Bg7 5. Nf3 e5 6. dxe5 dxe5 7. Qxd8+ Nxd8 8. Be3 c6 9. O-O-O Ne7 10. Bc4 b5 11. Bb3 a5 12. a4 b4 13. Ne2 Be6 14. Bxe6 Nxe6 15. Ng5 Nxg5 16. Bxg5 f6 17. Be3 Kf7 18. Rd7 Rhd8 19. Rhd1 Rxd7 1/2-1/2


[Site "https://www.chess.com"]

[Event "Titled Tuesday Blitz July 25 Early 2023"]
[White "only_strong_moves"]
[Black "Zepeda Berlanga, Jan Enrique"]
[BlackFideId "5132355"]
[WhiteElo "2507"]
[BlackElo "1858"]
[Result "1-0"]
[Round "1"]
[TimeControl "180+2"]
[Date "2023.07.25"]
[WhiteClock "0:01:07"]
[BlackClock "0:00:27"]
[Board "250"]

1. d4 Nf6 2. c4 g6 3. Nc3 Bg7 4. e4 d6 5. Be2 O-O 6. Nf3 e5 7. Be3 Ng4 8. Bg5 f6 9. Bc1 f5 10. h3 fxe4 11. Nxe4 Nf6 12. Bg5 Qe8 13. Nxf6+ Bxf6 14. Bxf6 Rxf6 15. dxe5 dxe5 16. Qd5+ Kg7 17. Qxe5 Qxe5 18. Nxe5 Nd7 19. Ng4 Re6 20. Ne3 Nf6 21. O-O-O Bd7 22. Bf3 c6 23. Bg4 Re7 24. Bxd7 Nxd7 25. Rd6 Rf8 26. Rhd1 Ne5 27. R6d2 a5 28. c5 Rf4 29. g3 Rff7 30. b3 Nf3 31. Re2 Ng5 32. Rde1 Ne4 33. Nc4 Nxc5 34. Rxe7 Nd3+ 35. Kd2 Nxe1 36. Rxf7+ Kxf7 37. Kxe1 Kf6 38. Nxa5 b5 39. Nxc6 Ke6 40. Nd4+ Kd5 41. Nxb5 Kc5 42. Nc3 Kb4 43. a4 Ka3 44. a5 Kxb3 45. a6 Kxc3 46. a7 Kb4 47. a8=Q Kc4 48. Qa7 Kd5 49. Qxh7 Kd4 1-0


[Site "https://www.chess.com"]

[Event "Titled Tuesday Blitz July 25 Early 2023"]
[White "Kong, Zi Yau Bernadette"]
[Black "Berezin, Viktor"]
[WhiteFideId "5820235"]
[BlackFideId "14107872"]
[WhiteElo "1749"]
[BlackElo "2507"]
[Result "0-1"]
[Round "1"]
[TimeControl "180+2"]
[Date "2023.07.25"]
[WhiteClock "0:00:12"]
[BlackClock "0:00:12"]
[Board "251"]

1. e4 c6 2. c4 d5 3. cxd5 cxd5 4. exd5 Nf6 5. Qa4+ Nbd7 6. Nc3 g6 7. Bc4 Bg7 8. d3 a6 9. Nf3 O-O 10. Qa3 Nb6 11. Qb3 e6 12. dxe6 Re8 13. O-O Bxe6 14. Bg5 Nxc4 15. dxc4 b5 16. Rad1 Qc8 17. Rfe1 bxc4 18. Qa4 Qb7 19. Rd2 Rad8 20. Ne4 Nxe4 21. Rxd8 Rxd8 22. Bxd8 Nc5 23. Qe8+ Bf8 24. Ng5 Nd3 25. Nxe6 fxe6 26. Qxe6+ Qf7 27. Qxf7+ Kxf7 28. Rd1 Nxb2 29. Rd7+ Ke6 30. Ra7 Bc5 31. Rxa6+ Kd5 32. Bh4 c3 33. Bg5 Nd3 34. Be3 Bxe3 35. fxe3 c2 0-1


[Site "https://www.chess.com"]

[Event "Titled Tuesday Blitz July 25 Early 2023"]
[White "Rengifo Blancas, Renzo Jhonathan"]
[Black "Nan M K Khine Hlyan"]
[WhiteFideId "3807185"]
[BlackFideId "13002899"]
[WhiteElo "2506"]
[BlackElo "1719"]
[Result "1-0"]
[Round "1"]
[TimeControl "180+2"]
[Date "2023.07.25"]
[WhiteClock "0:02:24"]
[BlackClock "0:00:38"]
[Board "252"]

1. e4 e5 2. Bc4 Bc5 3. Nf3 Nc6 4. d4 Nxd4 5. Nxe5 d5 6. Bxd5 Ne6 7. Nxf7 Qf6 8. O-O Qxf7 9. Be3 Bd6 10. f4 Nf6 11. f5 Nxd5 12. fxe6 Qxe6 13. Qxd5 Qxd5 14. exd5 Bd7 15. Bg5 h6 16. Bh4 g5 17. Bg3 Bxg3 18. hxg3 O-O-O 19. Nc3 Bg4 20. Rf7 Rd7 21. Raf1 Rh7 22. Rf8+ Rd8 23. Ne4 Be2 24. R1f2 Bb5 25. b3 c6 26. c4 Ba6 27. Nc5 cxd5 28. cxd5 Rc7 29. Rxd8+ Kxd8 30. Ne6+ 1-0


[Site "https://www.chess.com"]